 Dungeon Crawl Stone Soup version 0.26.1-2-gb8aa6d0cf2 (webtiles) character file.

Game seed: 4139358113681491840

58 Gadfly the Skirmisher (level 3, 0/29 HPs)
             Began as a Demonspawn Monk on Feb 11, 2021.
             Succumbed to an adder's poison
             ... on level 2 of the Dungeon.
             The game lasted 00:01:47 (1278 turns).

Gadfly the Skirmisher (Demonspawn Monk)             Turns: 1278, Time: 00:01:47

Health: 0/29       AC:  3    Str: 12    XL:     3   Next: 75%
Magic:  4/4        EV: 13    Int: 11    God:
Gold:   23         SH:  0    Dex: 15    Spells: 2/2 levels left

rFire    . . .     SeeInvis .   e - -3 spear (curse)
rCold    . . .     Faith    .   (no shield)
rNeg     . . .     Spirit   .   b - +0 robe
rPois    .         Reflect  .   (no helmet)
rElec    .         Harm     .   (no cloak)
rCorr    .         Rampage  .   d - +0 pair of gloves
Will     .....                  (no boots)
Stlth    ++........             (no amulet)
HPRegen  0.09/turn              (no ring)
MPRegen  0.09/turn              (no ring)

@: lethally poisoned (0 -> -2)
A: miasma immunity
a: no special abilities


You were on level 2 of the Dungeon.
You visited 1 branch of the dungeon, and saw 2 of its levels.

You collected 23 gold pieces.

Inventory:

Hand Weapons
 a - a +0 hand axe
 e - a cursed -3 spear (weapon)
 h - a cursed -3 dagger
Armour
 b - a +0 robe (worn)
 d - a +0 pair of gloves (worn)
Potions
 c - a potion of might
 f - a potion of cancellation


   Skills:
 - Level 3.0 Fighting
 + Level 3.0 Axes
 * Level 1.5 Armour
 - Level 2.6 Dodging
 - Level 1.7 Stealth
 * Level 2.2 Invocations
 * Level 1.5 Evocations


You had 2 spell levels left.
You didn't know any spells.
Your spell library was empty.

Dungeon Overview and Level Annotations

Branches:
Dungeon (2/15)

Altars:


Innate Abilities, Weirdness & Mutations

You are immune to miasma.


Message History

You hit the leopard gecko.
The leopard gecko is heavily wounded.
The leopard gecko barely misses you.
You hit the leopard gecko.
You kill the leopard gecko!
Found a stone staircase leading up.
Things that are here:
a leopard gecko corpse; an adder corpse
* * * LOW HITPOINT WARNING * * *
You feel sick.
Found a stone staircase leading down.
There is a lethal amount of poison in your body!
There is a lethal amount of poison in your body!
Things that are here:
a leopard gecko corpse; an adder corpse
* * * LOW HITPOINT WARNING * * *
You feel sick.
There is a lethal amount of poison in your body!
There is a lethal amount of poison in your body!
You die...

###. .#. ####### ..
#.....# #. ..##.#
#####
##.###.#.#.###...#
##...#..........#.#
####.....#..##†###...#
#....<.........)###.##
######.#†#####@## #.#
#>##.###.## #<# #.
##.#.## #.# #+ ##.##
#.# ### ... #.# #..
##. .


There were no monsters in sight!

Vanquished Creatures
  An adder (D:2)
  2 oozes (D:1)
  2 dart slugs (D:1)
  2 leopard geckos
  A giant cockroach (D:1)
  3 goblins (D:1)
  3 hobgoblins (D:1)
  2 jackals (D:1)
  2 kobolds (D:1)
  6 bats
  6 frilled lizards (D:1)
  5 rats (D:1)
35 creatures vanquished.

Notes
Turn   | Place    | Note
-------+----------+-------------------------------------------
     0 | D:1      | Gadfly the Demonspawn Monk began the quest for the Orb.
     0 | D:1      | Reached XP level 1. HP: 18/18 MP: 1/1
   222 | D:1      | Reached skill level 1 in Invocations
   226 | D:1      | Gained mutation: You are immune to miasma. [demonic
                  | ancestry]
   226 | D:1      | Reached XP level 2. HP: 22/24 MP: 2/2
   465 | D:1      | Reached skill level 1 in Evocations
   471 | D:1      | Reached skill level 1 in Armour
   928 | D:1      | Reached XP level 3. HP: 29/29 MP: 4/4
  1274 | D:2      | HP: 1/29 [poisoned by an adder]
  1278 | D:2      | Succumbed to an adder's poison

Illustrated notes

Levels and vault maps discovered:
D:1:      dpeg_arrival_round_c, layout_rooms, serial_curves, eino_curves_01,
          eino_curves_03, minmay_misc_feat_iff
D:2:      layout_loops_corners, serial_aquarium, aquarium_bridge_square
          [aquarium_subvault_window, aquarium_subvault_wall,
          aquarium_subvault_wall, aquarium_subvault_bridge],
          aquarium_window_fake, aquarium_window_fake, aquarium_window_corner,
          aquarium_view_2c, aquarium_balcony_5b, minmay_pentomino_z2,
          uniq_terence

Skill      XL: |  1  2  3 |
---------------+----------+-----
Invocations    | 1 2 |  2.2
Evocations     | 1 |  1.5
Armour         | 1 |  1.5
Axes           | 3 |  3.0
Fighting       | |  3.0
Dodging        | |  2.6
Stealth        | |  1.7

Action                   || total
-------------------------++-------
Melee: Hand axe          ||    54
       Spear             ||   106
  Use: Scroll            ||     2
       Potion            ||     1
 Stab: Sleeping          ||     4
Armor: Robe              ||    24
Dodge: Dodged            ||   109
